Map: King's Cove LE

Players

RiSky

  • Race: Zerg Zerg
  • Spawn Location: 11:00

Gerald - Winner!

  • Race: Protoss Protoss
  • Spawn Location: 5:00

Event: 2019 WCS Summer

VOD

Have the link to the VOD?

Description

Time

  • Played on: July 12, 2019, 9:16 a.m.
  • Length: 10:28

All games in this series

Show
View Real Time Build Order
Export as new Build Order

RiSky Zerg 

Build Orders: Pool First 

Get SALT Encoding   

  12  0:18  Spawning Pool  
  11  0:22  Drone  
  11  0:26  Drone  
  13  0:30  Drone  
  14  0:40  Overlord  
  14  1:04  Zergling x4  
  14  1:05  Zergling x2  
  17  1:16  Hatchery  
  16  1:19  Zergling x2  
  17  1:26  Zergling x2  
  18  1:35  Queen  
  20  1:43  Drone  
  21  1:49  Overlord  
  21  2:05  Drone  
  22  2:10  Queen  
  22  2:15  Drone  
  25  2:24  Drone  
  25  2:30  Drone  
  25  2:37  Drone  
  24  2:39  Drone  
  24  2:42  Extractor  
  26  2:44  Drone  
  26  2:46  Drone x2  
  26  2:49  Drone  
  29  2:53  Drone  
  28  3:05  Drone, Hatchery  
  28  3:13  Queen  
  28  3:19  Overlord  
  30  3:23  Drone x2  
  30  3:25  Drone  
  33  3:27  Drone  
  33  3:33  Spore Crawler  
  33  3:34  Drone  
  33  3:41  Drone x2  
  36  3:44  Overlord  
  36  3:45  Drone  
  38  3:50  Drone  
  38  3:52  Spore Crawler  
  38  3:58  Overlord x2  
  38  4:04  Drone x2  
  38  4:07  Drone  
  38  4:08  Metabolic Boost  
  41  4:11  Drone  
  42  4:17  Drone  
  42  4:22  Zergling x2  
  42  4:23  Zergling x2, Roach Warren  
  44  4:25  Zergling x2  
  44  4:28  Drone x2  
  44  4:30  Drone  
  48  4:31  Extractor  
  48  4:36  Drone  
  48  4:40  Drone, Lair  
  48  4:43  Drone x3  
  52  4:46  Drone  
  52  4:47  Extractor  
  52  4:48  Drone  
  52  4:50  Zergling x2  
  54  4:53  Drone  
  54  4:54  Overlord  
  54  4:59  Drone x2  
  56  5:00  Drone  
  57  5:07  Overlord  
  57  5:09  Overlord  
  57  5:10  Drone  
  57  5:13  Overlord  
  58  5:19  Overlord  
  58  5:22  Zergling x6  
  60  5:29  Spore Crawler  
  60  5:34  Drone  
  61  5:37  Drone x2  
  61  5:40  Drone x2  
  61  5:41  Roach  
  61  5:42  Overseer, Roach x2  
  71  5:51  Roach x2  
  71  5:54  Roach x2  
  71  5:55  Queen  
  80  6:00  Roach x2  
  79  6:07  Roach  
  77  6:11  Roach x2  
  77  6:17  Zergling x8  
  79  6:23  Zergling x4  
  75  6:28  Drone  
  75  6:30  Queen  
  78  6:33  Drone x2  
  78  6:34  Glial Reconstitution  
  78  6:37  Drone  
  81  6:42  Drone, Evolution Chamber  
  81  6:43  Drone  
  82  6:47  Drone  
  82  6:48  Extractor  
  82  6:56  Drone x2  
  82  6:57  Drone  
  85  7:03  Overlord  
  85  7:07  Overseer  
  85  7:11  Roach  
  85  7:12  Roach x3  
  75  7:23  Zergling x6  
  75  7:24  Zergling x8  
  79  7:33  Overseer  
  79  7:36  Roach x2  
  79  7:37  Roach x2  
  86  7:40  Roach x2  
  86  7:46  Roach x2  
  90  7:55  Roach x2  
  96  7:58  Roach  
  100  8:05  Roach x2  
  100  8:13  Roach x3  
  106  8:20  Roach  
  106  8:23  Roach  
  106  8:24  Roach  
  111  8:30  Roach  
  111  8:34  Zergling x8  
  114  8:39  Overlord  
  113  8:42  Overlord  
  113  8:46  Overlord  
  113  8:49  Overlord  
  113  8:59  Overlord  
  113  9:00  Ravager, Roach x2  
  118  9:03  Roach x3  
  118  9:06  Roach  
  126  9:11  Zergling x2, Roach  
  126  9:21  Roach x2  
  109  9:26  Roach  
  109  9:28  Roach  
  83  9:32  Zergling x2  
  83  9:33  Zergling x8  
  83  9:36  Roach  
  88  9:41  Roach  
  88  9:43  Zergling x2  
  89  9:51  Zergling x4  
  81  9:53  Overseer  
  81  9:58  Roach  
  81  10:03  Roach  
Show
View Real Time Build Order
Export as new Build Order

Gerald Protoss - Winner!

Build Orders: Archon Immortal 

Get SALT Encoding   

  12  0:00  Probe  
  13  0:12  Probe  
  14  0:19  Pylon  
  14  0:25  Probe  
  15  0:29  Assimilator  
  15  0:37  Probe  
  16  0:44  Gateway  
  16  0:45  Probe  
  17  0:53  Probe  
  17  1:03  Probe  
  19  1:15  Probe  
  20  1:23  Zealot  
  20  1:32  Cybernetics Core  
  22  1:35  Gateway  
  22  1:40  Probe  
  22  1:43  Pylon  
  22  1:44  Assimilator  
  23  1:58  Adept  
  22  2:04  Probe  
  25  2:20  Nexus  
  25  2:22  Pylon  
  27  2:44  Pylon  
  27  2:46  Robotics Facility  
  27  3:02  Probe, Gateway  
  27  3:03  Stalker  
  27  3:04  Warp Gate  
  28  3:14  Probe  
  29  3:23  Twilight Council  
  29  3:26  Probe  
  30  3:31  Immortal  
  30  3:39  Probe  
  33  3:44  Probe  
  34  3:51  Probe  
  34  3:55  Adept x2  
  39  3:57  Probe  
  40  4:03  Warp Prism  
  40  4:07  Pylon  
  41  4:14  Probe  
  43  4:17  Probe  
  44  4:26  Probe  
  44  4:29  Probe, Immortal  
  46  4:39  Probe  
  46  4:41  Probe  
  52  4:46  Dark Shrine  
  52  4:51  Probe  
  53  4:53  Probe  
  54  5:01  Pylon  
  54  5:04  Gateway  
  54  5:08  Gateway  
  54  5:19  Probe  
  56  5:21  Probe  
  56  5:31  Probe  
  56  5:33  Probe  
  56  5:34  Pylon  
  58  5:35  Pylon  
  58  5:37  Assimilator  
  58  5:39  Assimilator  
  54  5:43  Observer, Probe  
  54  5:45  Probe, Pylon  
  57  5:52  Zealot x2  
  57  5:55  Probe  
  62  6:10  Zealot x2  
  62  6:11  Immortal  
  66  6:15  Probe  
  67  6:24  Charge  
  61  6:34  Gateway  
  61  6:35  Gateway  
  61  6:38  Gateway  
  61  6:39  Gateway  
  59  6:41  Probe  
  60  6:48  Dark Templar x4  
  68  6:59  Nexus  
  68  7:00  Pylon  
  65  7:20  Immortal  
  69  7:46  Zealot x2  
  69  7:47  Zealot x6  
  69  7:49  Pylon  
  85  7:52  Pylon  
  85  7:54  Pylon  
  85  8:02  Probe  
  86  8:07  Pylon  
  86  8:09  Pylon  
  86  8:21  Dark Templar x7  
  96  8:33  Zealot  
  98  8:40  Archon x3  
  98  8:41  Archon  
  98  8:44  Archon  
  98  8:47  Nexus  
  98  8:50  Pylon  
  98  8:51  Probe  
  99  9:00  Dark Templar  
  99  9:01  Dark Templar x3  
  107  9:05  Pylon  
  107  9:08  Gateway  
  99  9:27  Immortal  
  99  9:30  Zealot x4  
  95  9:38  Archon  
  87  9:55  Zealot x6  
  85  10:20  Zealot x4  
Tags
 
Add a new tag
Caveats
  • Supply blocks, unpowered buildings, or Contaminate may cause inaccurate times.
  • Supply counts are checked every 10 seconds.